 Seeded DCSS version 0.29.1-15-g9cfb28693d (webtiles) character file.

Game seed: 16812088435827037613 (custom seed)

273 Psyclone the Tainter (level 6, 0/36 HPs)
             Began as an Octopode Venom Mage on Sept 26, 2023.
             Slain by an ogre
             ... wielding a +0 giant club
              (36 damage)
             ... on level 4 of the Dungeon.
             The game lasted 00:12:16 (6300 turns).

Psyclone the Tainter (Octopode Venom Mage)          Turns: 6300, Time: 00:12:17

Health: 0/36       AC:  1    Str:  7    XL:     6   Next: 23%
Magic:  7/9        EV: 13    Int: 19    God:
Gold:   238        SH:  0    Dex: 19    Spells: 2/9 levels left

rFire   . . .      SeeInvis .   d - +0 dagger
rCold   . . .      Faith    .   (no shield)
rNeg    . . .      Spirit   .   (helmet restricted)
rPois   .          Reflect  .   (no amulet)
rElec   .          Harm     .   c - +6 ring of dexterity
rCorr   .          Rampage  .   (no ring)
Will    .....                   (no ring)
Stlth   +++.......              (no ring)
HPRegen 0.12/turn               (no ring)
MPRegen 0.11/turn               (no ring)
                                (no ring)
                                (no ring)

@: no status effects
A: almost no armour, amphibious, 8 rings, camouflage 1, gelatinous body 1,
(nimble swimmer 1), tentacles
a: no special abilities


You were on level 4 of the Dungeon.
You visited 2 branches of the dungeon, and saw 5 of its levels.

You collected 238 gold pieces.

Inventory:

Hand Weapons
 d - a +0 dagger (weapon)
Missiles
 g - 8 poisoned darts
Jewellery
 c - a +6 ring of dexterity (left tentacle)
Wands
 l - a wand of paralysis (8)
 q - a wand of flame (13)
Scrolls
 e - a scroll of blinking {unknown}
 f - 2 scrolls of teleportation {unknown}
 h - 2 scrolls of poison {unknown}
 i - a scroll of noise {unknown}
 k - 8 scrolls of identify {unknown}
 n - 2 scrolls of amnesia {unknown}
 o - a scroll of immolation {unknown}
Potions
 a - a potion of magic
 b - 3 potions of lignification {unknown}
 j - a potion of attraction {unknown}
 m - 3 potions of ambrosia {unknown}
 p - a potion of curing


   Skills:
 - Level 2.0 Dodging
 - Level 2.6 Stealth
 + Level 2.4 Spellcasting
 - Level 1.0 Transmutations
 - Level 8.0 Poison Magic


You had 2 spell levels left.
You knew the following spells:

 Your Spells              Type           Power      Damage    Failure   Level
a - Poisonous Vapours     Pois/Air       34%        N/A       4%          2
v - Sting                 Tmut/Pois      76%        1d6       2%          1
x - Olgreb's Toxic Radia  Pois           32%        N/A       6%          4

Your spell library contained the following spells:

 Spells                   Type           Power      Damage    Failure   Level
 Summon Small Mammal      Summ           8%         N/A       16%         1
 Passwall                 Tmut/Erth      3%         N/A       21%         2
 Ensorcelled Hibernation  Hex/Ice        4%         N/A       24%         2
 Mephitic Cloud           Conj/Pois/Air  12%        N/A       16%         3
 Call Canine Familiar     Summ           2%         N/A       43%         3
 Summon Guardian Golem    Hex/Summ       2%         N/A       43%         3
 Swiftness                Air            2%         N/A       43%         3


Dungeon Overview and Level Annotations

Branches:
Dungeon (4/15) Zot: 17693  Temple (1/1) D:4 Zot: 5998

Altars:
Ashenzari
Dithmenos
Fedhas
Hepliaklqana
Kikubaaqudgha
Makhleb
Okawaru
Qazlal
Ru
Uskayaw
Yredelemnul
The Shining One

Shops:
D:1 [

Annotations:
D:3 1 runed translucent door, exclusion: kobold brigand, Crazy Yiuf


Innate Abilities, Weirdness & Mutations

You cannot wear most types of armour.
You are amphibious.
You can wear up to eight rings at the same time.
Your skin changes colour to match your surroundings (Stealth+).
Your rubbery body absorbs attacks. (AC +1, EV +1)
((You are camouflaged when in or above water. (Stealth+)))
You have tentacles for arms and can constrict up to eight enemies at once.


Message History

MP restored: 9
Casting: Poisonous Vapours (safe; 4% risk of failure)
Confirm with . or Enter, or press ? or * to list all spells.
Aiming: Poisonous Vapours (safe; 4% risk of failure)
Press: ? - help, Dir - move target, f - kobold
Aim: a kobold, wielding a +0 short sword (asleep) Poisonous vapours surround the kobold!
The kobold is poisoned.
The kobold shouts!
You now have 7/9 mp.
Casting: Poisonous Vapours (safe; 4% risk of failure)
Confirm with . or Enter, or press ? or * to list all spells.
Aiming: Poisonous Vapours (safe; 4% risk of failure)
Press: ? - help, Dir - move target, f/p - kobold
Aim: a kobold, wielding a +0 short sword (poisoned) Poisonous vapours surround the kobold!
The kobold looks even sicker.
You now have 5/9 mp.
Casting: Poisonous Vapours (safe; 4% risk of failure)
Confirm with . or Enter, or press ? or * to list all spells.
Aiming: Poisonous Vapours (safe; 4% risk of failure)
Press: ? - help, Dir - move target, f/p - kobold
Aim: a kobold, wielding a +0 short sword (very poisoned) Poisonous vapours surround the kobold!
The kobold looks even sicker.
You now have 3/9 mp.
You kill the kobold!
Found 4 stones.
MP restored: 9 You now have 238 gold pieces (gained 9).
Found 3 stones.
An ogre comes into view. It is wielding a +0 giant club.
Found a sapphire potion.
The ogre shouts!
Casting: Poisonous Vapours (safe; 4% risk of failure)
Confirm with . or Enter, or press ? or * to list all spells.
Aiming: Poisonous Vapours (safe; 4% risk of failure)
Press: ? - help, Dir - move target, f - ogre
Aim: an ogre, wielding a +0 giant club Poisonous vapours surround the ogre!
The ogre is poisoned.
The ogre hits you with a +0 giant club!!!
Ouch! That really hurt!
You die...

.............. .! #..>
..###..........
...#....................
..(#.<..................
...........####.........
......................#.
..?.. ...####.#...#...
#.O###.####.#.#.###.
#.@....(##.#.#.....
#..............##..
#####.##...........
#.##........#..
...#...........
#...#...........
#...#...........
#...#...........
..###...........


You could see an ogre (poisoned).

Vanquished Creatures
  Natasha (thrice) (D:2)
  8 gnolls
  An adder (D:2)
  A worm (D:2)
  2 dart slugs (D:2)
  5 orcs (D:3)
  2 giant cockroaches (D:1)
  10 goblins
  7 hobgoblins
  38 kobolds
  6 quokkas
  8 ball pythons
  5 bats
  2 frilled lizards (D:2)
  2 rats
100 creatures vanquished.

Vanquished Creatures (others)
  5 fungi (D:3)
5 creatures vanquished.

Grand Total: 105 creatures vanquished

Notes
Turn   | Place    | Note
-------+----------+-------------------------------------------
     0 | D:1      | Psyclone the Octopode Venom Mage began the quest for the
                  | Orb.
     0 | D:1      | Reached XP level 1. HP: 11/11 MP: 3/3
   158 | D:1      | Reached skill level 4 in Poison Magic
   253 | D:1      | Reached XP level 2. HP: 17/17 MP: 1/5
   335 | D:1      | Learned a level 2 spell: Poisonous Vapours
   809 | D:1      | Found Tifises's Antique Armour Emporium.
  1252 | D:1      | Reached XP level 3. HP: 21/21 MP: 1/6
  1334 | D:1      | Reached skill level 5 in Poison Magic
  2449 | D:2      | Noticed Natasha
  2458 | D:2      | Killed Natasha
  2459 | D:2      | Reached XP level 4. HP: 27/27 MP: 7/7
  2464 | D:2      | Learned a level 4 spell: Olgreb's Toxic Radiance
  2578 | D:2      | Reached skill level 6 in Poison Magic
  2720 | D:2      | Noticed Natasha
  2736 | D:2      | Killed Natasha
  3201 | D:2      | Noticed Natasha
  3215 | D:2      | Killed Natasha
  3216 | D:2      | Reached XP level 5. HP: 3/31 MP: 1/8
  4028 | D:3      | Found a runed translucent door.
  4029 | D:3      | Noticed Crazy Yiuf
  4145 | D:3      | Identified the +9 hammer of Chaos {venom, Dex+4}
  4166 | D:3      | Reached skill level 7 in Poison Magic
  5226 | D:3      | Noticed a kobold brigand
  5635 | D:3      | Reached XP level 6. HP: 26/36 MP: 0/9
  5646 | D:3      | Reached skill level 8 in Poison Magic
  6040 | D:4      | Found a staircase to the Ecumenical Temple.
  6053 | Temple   | Entered the Ecumenical Temple
  6300 | D:4      | Slain by an ogre

Illustrated notes

Levels and vault maps discovered:
D:1:      sevenhm_arrival_forest_fort_large_2, layout_loops_corners,
          serial_shops, shop, minivault_27
D:2:      layout_basic, uniq_natasha
D:3:      minmay_goblin_kobold_castle, layout_basic, uniq_crazy_yiuf_cottage
D:4:      layout_rooms, minmay_temple_entry_arrows,
          chequers_serial_rivers_marsh, hangedman_feature_mirror
Temple:   nicolae_temple_no_exploring_needed

Skill      XL: |  1  2  3  4  5  6 |
---------------+-------------------+-----
Poison Magic   | 4 5 6 7 8 |  8.0
Dodging        | |  2.0
Stealth        | |  2.6
Spellcasting   | |  2.4
Transmutations | |  1.0

Action                   |  1- 3 |  4- 6 || total
-------------------------+-------+-------++-------
Melee: Dagger            |    11 |    32 ||    43
       Constrict         |     3 |    15 ||    18
       Tentacles         |     1 |     9 ||    10
 Cast: Sting             |     8 |     5 ||    13
       Poisonous Vapours |    45 |    70 ||   115
       Olgreb's Toxic Ra |       |     8 ||     8
Evoke: Wand              |       |     1 ||     1
 Stab: Sleeping          |     1 |     2 ||     3
       Paralysed         |       |     1 ||     1
Armor: Skin              |     1 |     2 ||     3
Dodge: Dodged            |    14 |    20 ||    34
